[Event "26th Womens ECCC 2022"]
[Site "Mayrhofen"]
[Date "2022.10.07"]
[Round "5.16"]
[White "Balajayeva, Khanim"]
[Black "Golovchanskaya, Alina"]
[Result "1-0"]
[ECO "C41"]
[WhiteElo "2384"]
[BlackElo "1684"]
[Annotator "TA"]
[PlyCount "59"]
[EventDate "2022.10.03"]
[EventType "team-tourn"]
[EventCountry "AUT"]
[SourceTitle "playchess.com"]
[Source "ChessBase"]
[SourceQuality "1"]
[TimeControl "40/5400+30:1800+30"]

1. e4 d6 2. d4 e5 3. Nf3 Nd7 4. Bc4 Be7 5. Nc3 Ngf6 6. O-O c6 7. a4 h6 {[%emt 0:00:25] now scores much better than the old 7...0-0.} 8. Re1 {[%emt 0:00:43] C41: Philidor Defence.} Qc7 9. a5 {[%emt 0:02:04] [#]} b5 $146 ({Predecessor:} 9... Nf8 10. Be3 g5 11. d5 Ng6 12. Bf1 c5 13. a6 b6 14. Nd2 Ng4 15. Bb5+ Kf8 {1-0 (84) Caruana,F (2786)-Bortnyk,O (2604) Chess.com INT 2022}) 10. axb6 $1 {[%emt 0:02:41] White is better.} Nxb6 11. Bb3 Bg4 ({Black should try} 11... O-O $14) 12. dxe5 $16 dxe5 13. h3 Be6 (13... Bxf3 $16 {is a better defense.} 14. Qxf3 O-O) 14. Nh4 (14. Bxe6 $18 {is more deadly.} fxe6 15. Qe2) 14... Bxb3 15. cxb3 g6 {[%emt 0:00:30] Prevents Nf5.} 16. Qf3 Nh7 {[%emt 0:26:51] [#]} 17. Qg3 {[%emt 0:01:53][%cal Oh4g6] White is more active.} Ng5 18. f4 exf4 19. Bxf4 Bc5+ $2 {[%emt 0:00:10][%mdl 8192] A mistake that costs the game.} (19... Qc8 $16 {is more resistant.}) 20. Kh1 $18 Qc8 (20... Qd8 $142 21. Rad1 Nd7 22. Rxd7 Qxd7) 21. Bxg5 {[%emt 0:01:00] [#] Black must now prevent Qe5+.} hxg5 22. Qe5+ Qe6 23. Qxh8+ Kd7 24. Na4 Nxa4 25. Qxa8 {[%emt 0:00:18] Intending Red1+ and mate.} g4 26. Red1+ {[%emt 0:00:26] White mates.} Kc7 27. Qd8+ Kb7 28. Rd7+ Ka6 29. Rxa4+ Kb5 30. Qa5# {[%emt 0:00:07] Weighted Error Value: White=0.10 (very precise) /Black=0.91} 1-0

[Event "26th Womens ECCC 2022"]
[Site "Mayrhofen"]
[Date "2022.10.07"]
[Round "5.17"]
[White "Muzychuk, Mariya"]
[Black "Eric, Jovana"]
[Result "1-0"]
[ECO "E39"]
[WhiteElo "2527"]
[BlackElo "2252"]
[Annotator "TA"]
[PlyCount "209"]
[EventDate "2022.10.03"]
[EventType "team-tourn"]
[EventCountry "AUT"]
[SourceTitle "playchess.com"]
[Source "ChessBase"]
[SourceQuality "1"]
[TimeControl "40/5400+30:1800+30"]

1. d4 Nf6 2. c4 e6 3. Nc3 Bb4 4. Qc2 c5 5. dxc5 O-O 6. a3 Bxc5 7. Nf3 Nc6 8. Bg5 Be7 9. e3 h6 10. Bh4 b6 11. Be2 Bb7 12. O-O Rc8 13. Rfd1 {[%emt 0:01:58] E39: Nimzo-Indian: Classical: 4...c5 5 dxc5 0-0.} d6 14. b4 {[%emt 0:03:56] [#]} Rc7 $146 ({Predecessor:} 14... a6 15. Rac1 Nb8 16. Qd3 Rc7 {½-½ (18) Drasko,M (2557)-Caruana,F (2594) Heraklion 2007}) 15. Rd2 {[%emt 0:02:43] White is slightly better.} Rd7 16. Rad1 Qb8 17. Nb5 {[%emt 0:02:29] White is more active.} Rfd8 $1 18. h3 a6 (18... a5 {is more complex.} 19. bxa5 Nxa5 20. Ne5 dxe5 21. Rxd7 Rxd7 22. Rxd7 Nxd7 23. Bxe7 Bc6) 19. Nc3 Qc7 20. Bg3 Ne5 21. Nxe5 dxe5 22. Rxd7 Rxd7 23. Rxd7 Nxd7 24. f3 f5 25. e4 f4 26. Bf2 Kf7 27. Qd3 g5 28. Bd1 Bc6 29. Bb3 Qd6 {[%emt 0:01:54] [#] Prevents c5.} (29... a5 $11) 30. Qxd6 $1 $16 Bxd6 31. Na4 Bc7 32. c5 b5 33. Nc3 Nb8 34. Kf1 Ke7 35. Ke2 Bd7 36. Kd3 Nc6 37. Ne2 Bd8 38. Kc3 Bc7 39. Bc2 Na7 40. Bd3 Bc6 41. Kb3 Bd8 42. Nc3 Bc7 43. a4 Kf6 44. axb5 axb5 45. Ne2 Bd8 46. Kc3 Kf7 47. Nc1 Bf6 48. Nb3 Ke7 49. Be2 Kd7 50. Kb2 Nc8 51. Nc1 Ne7 52. Na2 {[%emt 0:00:00] [#] Nc3 is the strong threat.} Nc8 53. Be1 Kc7 54. Kc2 Kd7 55. Bc3 Kc7 56. Bb2 Kd7 (56... h5 $142) 57. Kd2 ({White should try} 57. Nc3) 57... h5 58. Nc3 Na7 59. Ke1 Bg7 60. Nd1 Nc8 61. Nf2 Ne7 62. h4 gxh4 63. Kf1 Bf6 64. Kg1 {[%emt 0:00:00][%mdl 1024] White has strong compensation.} Kc7 65. Nd1 {[%emt 0:00:00] Strongly threatening Nc3.} Kb7 66. Nc3 Ka6 67. Kh2 Ng6 68. Kh3 Bg5 69. Nd1 Bf6 70. Nf2 Kb7 71. Nd3 Ka6 72. Bc3 Kb7 73. Be1 Ka6 74. Bf2 Kb7 75. Nc1 Bg5 76. Nb3 Bf6 77. Na5+ Kc7 78. Nxc6 Kxc6 $14 {[%emt 0:00:00][%mdl 4096] Endgame KBB-KBN} 79. Be1 Be7 80. Bd1 Kc7 81. Bb3 Kd7 82. Ba2 Bf6 83. c6+ (83. Bb1 {was preferrable.}) 83... Kxc6 (83... Kd6 {feels hotter.} 84. c7 Ne7 85. Bc3 Kxc7 86. Bxe6 Nc6) 84. Bxe6 {[%emt 0:00:03] aiming for Bf7.} Be7 (84... Ne7 $11) 85. Bf7 $16 Nf8 86. Bc3 Bf6 87. Bxh5 {[%emt 0:02:16] And now Kg4 would win.} Ne6 (87... Kd7 $16) 88. Kg4 (88. Be8+ $18 {and the rest is easy.} Kb6 89. Kg4) 88... Nd4 (88... Kd7 $16 {was necessary.}) 89. Be8+ $18 Kb6 $2 (89... Kd6 90. Bxd4 exd4) 90. Bxd4+ exd4 91. Kxf4 {[%emt 0:00:04] KB-KB} Be7 92. e5 {[%emt 0:00:26] Black must now prevent Ke4.} Bxb4 93. Ke4 Bc5 94. f4 {[%emt 0:00:49][%cal Bf3f4,Bf4f5,Bf5f6][%mdl 32] White mates.} b4 95. Ba4 Kc7 96. f5 Kd8 97. f6 b3 98. Bxb3 Kd7 99. Bc4 Ke8 100. e6 Ba3 101. Kf5 Bb4 102. Bb5+ Kf8 103. e7+ Bxe7 104. fxe7+ Kxe7 105. Ke4 {Weighted Error Value: White=0.07 (flawless) /Black=0.10 (very precise)} (105. Kg4 $142 h3 106. Kxh3 Ke6 107. g4 Kd6 108. g5 Kc5 109. Ba6 Kd6 110. Bd3) 1-0

[Event "26th Womens ECCC 2022"]
[Site "Mayrhofen"]
[Date "2022.10.07"]
[Round "5.18"]
[White "Blagojevic, Tijana"]
[Black "Unuk, Laura"]
[Result "0-1"]
[ECO "C47"]
[WhiteElo "2266"]
[BlackElo "2297"]
[Annotator "TA"]
[PlyCount "60"]
[EventDate "2022.10.03"]
[EventType "team-tourn"]
[EventCountry "AUT"]
[SourceTitle "playchess.com"]
[Source "ChessBase"]
[SourceQuality "1"]
[TimeControl "40/5400+30:1800+30"]

1. e4 e5 2. Nc3 Nf6 3. Nf3 Nc6 4. d4 exd4 5. Nxd4 Nxe4 6. Nxe4 Qe7 7. f3 d5 {[%emt 0:00:38][%mdl 64] Pin} 8. Nxc6 {[%emt 0:00:45] C47: Scotch Four Knights and Four Knights with 4 g3.} (8. Bb5 $5 Bd7 9. Bxc6 bxc6 {[#]} 10. O-O $1 dxe4 11. Re1 $11) 8... bxc6 9. Bd3 dxe4 10. fxe4 {[%emt 0:00:04] The position is equal.} Qh4+ 11. g3 Qf6 {[%emt 0:00:33] [#]} 12. c3 $146 {[%emt 0:09:19] Prevents Bb4.} ({Predecessor:} 12. Bf4 Bc5 13. c3 O-O 14. Qh5 Qe7 15. O-O-O g6 16. Qh6 Re8 17. Rhf1 Be6 18. Bg5 {0-1 (53) Zavivaeva,E (1826)-Le Goff,R (2288) Chess.com INT 2021}) 12... Bc5 13. Qe2 {[%emt 0:04:51] Inhibits Qf2+.} Qg6 14. Be3 Bg4 15. Qf2 Bxe3 16. Qxe3 Rd8 17. h3 (17. O-O $14) 17... Qh5 $11 18. Kd2 Be6 ({Don't take} 18... Bxh3 19. g4 Qb5 20. Kc2 Rxd3 21. Qxd3 Bxg4 22. Rag1 Qxd3+ 23. Kxd3 $14) 19. Kc2 O-O 20. Be2 Qe5 21. Qf4 Qa5 {[%emt 0:01:28] Black is more active.} 22. Bg4 (22. b3 $17 {keeps fighting.}) 22... Bxa2 $2 (22... Bc4 $19 {And now ...Bd3+ would win.} 23. Rhe1 Bd3+ 24. Kc1 Rfe8) 23. Be2 {[%emt 0:07:12] aiming for Bc4.} Qa4+ 24. Kc1 Rb8 {[%emt 0:00:27][%cal Ob8b2] Strongly threatening ...Rxb2!} 25. e5 $2 {[%emt 0:02:38] This move loses the game for White.} (25. Bd1 $11 {and White stays safe.} Qc4 26. Qf1) 25... Qb3 $19 26. Qd2 Rfd8 $40 {[%emt 0:00:25][%mdl 128] Black goes for the king.} 27. Bd1 $2 (27. Qc2 Qb6 28. Rxa2 Qe3+ 29. Kb1) 27... Qb6 ({Not} 27... Rxd2 28. Bxb3 Rxb3 29. Kxd2 Rxb2+ 30. Ke3 $16) 28. Qe2 {[%emt 0:03:18] [#]} Bc4 $1 {[%emt 0:00:17][%mdl 512] Black mates.} 29. Qh2 (29. Re1 Bxe2) 29... Qe3+ 30. Kb1 Rd2 {[%emt 0:00:22] Weighted Error Value: White=0.75/Black=0.19 (very precise)} 0-1

[Event "26th Womens ECCC 2022"]
[Site "Mayrhofen"]
[Date "2022.10.07"]
[Round "5.19"]
[White "Urh, Zala"]
[Black "Gajcin, Marina"]
[Result "1-0"]
[ECO "A79"]
[WhiteElo "2221"]
[BlackElo "2228"]
[Annotator "TA"]
[PlyCount "77"]
[EventDate "2022.10.03"]
[EventType "team-tourn"]
[EventCountry "AUT"]
[SourceTitle "playchess.com"]
[Source "ChessBase"]
[SourceQuality "1"]
[TimeControl "40/5400+30:1800+30"]

1. d4 Nf6 2. c4 c5 3. d5 e6 4. Nc3 exd5 5. cxd5 d6 6. Nf3 g6 7. Nd2 Bg7 8. e4 O-O 9. Be2 Re8 10. O-O Na6 11. f3 Rb8 12. a4 Nc7 13. Nc4 a6 {[%emt 0:19:26] A73: Modern Benoni: Classical: Unusual Black 9th moves.} 14. Bf4 {[%emt 0:18:01] White is more active.} Nh5 15. Bxd6 {[%emt 0:10:12] aiming for a5.} Bd4+ (15... b5 $16 {was necessary.} 16. axb5 axb5) 16. Kh1 $18 b5 (16... Bxc3 $142 17. bxc3 b5 18. axb5 (18. Bxc5 bxc4 19. Bxc4 a5 $16) 18... axb5) 17. axb5 axb5 18. Ra7 {[%emt 0:03:26] [#]} Na6 $146 ({Predecessor:} 18... Bh3 19. Bxc7 Bxg2+ 20. Kxg2 Qg5+ 21. Kh1 bxc4 22. Qc2 Rb4 23. Nd1 Rc8 24. f4 Qh4 25. Bxh5 Qxh5 {1-0 (43) Sarosi,Z (2315)-Schoeppl,E (2315) Werfen 1991}) 19. Bxb8 bxc4 20. g4 ({Don't play} 20. Bxc4 $6 Nxb8 21. Ne2 Bg7 $16) 20... Nxb8 21. gxh5 Bh3 22. hxg6 hxg6 {[%emt 0:00:19] [#]} 23. Bxc4 (23. Rg1 $1 $18 {is more deadly.}) 23... Re5 $16 24. Ne2 (24. f4 $16 Bxf1 25. Bxf1) 24... Rg5 $14 25. Ng3 Kg7 $2 {[%emt 0:06:01] This costs Black the game.} (25... Rxg3 $1 $14 26. hxg3 Qg5) 26. Rg1 $18 Qf6 (26... Bxg1 {keeps fighting.} 27. Qxg1 (27. Kxg1 Nc6 $18) 27... Qf6) 27. Bf1 Bxf1 (27... Bc8 $142 28. Rg2 Be5) 28. Rxf1 {[%emt 0:01:37] White is clearly winning.} Qb6 29. Qa4 c4 30. Re7 Bc5 31. Re8 Qxb2 32. Qa1 (32. Rc8 $142) 32... Qxa1 33. Rxa1 Nd7 34. Rc8 {[%emt 0:00:41] [#] And now Rc7 would win.} Bd4 35. Rd1 Nb6 36. Rc6 Be3 37. d6 Rb5 38. d7 Bg5 39. d8=Q {[%emt 0:00:31] Weighted Error Value: White=0.72/Black=0.38} 1-0

[Event "26th Womens ECCC 2022"]
[Site "Mayrhofen"]
[Date "2022.10.07"]
[Round "5.20"]
[White "Zarkovic, Mila"]
[Black "Kejzar, Petra"]
[Result "1-0"]
[ECO "B90"]
[WhiteElo "2219"]
[BlackElo "2120"]
[Annotator "TA"]
[PlyCount "81"]
[EventDate "2022.10.03"]
[EventType "team-tourn"]
[EventCountry "AUT"]
[SourceTitle "playchess.com"]
[Source "ChessBase"]
[SourceQuality "1"]
[TimeControl "40/5400+30:1800+30"]

1. e4 c5 2. Nf3 d6 3. d4 cxd4 4. Nxd4 Nf6 5. Nc3 a6 6. h4 {[%emt 0:12:29] B90: Sicilian Najdorf: Unusual White 6th moves, 6 Be3 Ng4 and 6 Be3 e5.} e5 7. Nb3 Be6 8. f4 {[%emt 0:00:37] The position is equal.} Be7 9. f5 Bd7 {[%emt 0:01:10] [#]} 10. Bg5 $146 (10. g4 $5 ) ({Predecessor:} 10. g4 Bc6 11. Bg2 h5 12. g5 Ng4 13. Bf3 a5 14. a4 Na6 15. Bxg4 hxg4 16. Qxg4 {0-1 (44) Albornoz Cabrera,C (2573)-Ter Sahakyan,S (2640) Chess.com INT 2020}) 10... Bc6 11. Qf3 Nbd7 12. O-O-O b5 13. a3 Rb8 (13... h5 $11 {remains equal.}) 14. g4 $16 {[%emt 0:09:23][%cal Bg2g4,Bg4g5,Bg5f6][%mdl 32] White has more active pieces. The black rooks are badly placed.} b4 15. axb4 Rxb4 16. Bd3 (16. Nd2 $16) 16... h6 (16... h5 $14) 17. Bd2 Qa8 18. Rhe1 (18. g5 $6 Nxe4 19. Na5 (19. Nxe4 $2 Rxe4 20. Qg3 Ra4 $17) 19... d5 20. Bxe4 dxe4 $11) 18... a5 {[%emt 0:01:46] And now ...a4 would win.} 19. g5 a4 (19... Nh7 $16 {was necessary.}) 20. gxf6 $18 axb3 {[%emt 0:00:25] [#]} 21. Nb1 $1 ({Avoid the trap} 21. fxe7 $2 Qa1+ 22. Nb1 bxc2 23. Bxb4 Qxb1+ 24. Kd2 cxd1=Q+ 25. Qxd1 Qxb2+ 26. Qc2 Qxb4+ $19) ({Don't take} 21. fxg7 $6 Rg8 22. Nb1 (22. Bxh6 bxc2 23. Kxc2 Bxh4 $14) 22... Rd4 $14) 21... bxc2 22. Bxc2 Rc4 23. fxe7 Nc5 $2 (23... Rxc2+ 24. Kxc2 Qa4+ 25. b3 Qa2+ 26. Kc1 Nc5) 24. Bc3 Kxe7 25. f6+ gxf6 26. Rf1 Nd7 27. Qd3 d5 28. exd5 Bb5 29. Na3 Rxc3 30. d6+ Kd8 31. Qxc3 Bxf1 32. Qc7+ Ke8 33. Rxf1 {[%emt 0:00:56] Bf5 would kill now.} Rg8 {[%emt 0:01:12] [#]} 34. Ba4 $1 Qd8 (34... Kf8 35. Bc6) 35. Bxd7+ Qxd7 36. Qb8+ Qd8 37. d7+ Ke7 38. Qb4+ Ke6 39. Qc4+ Ke7 40. Qc5+ (40. Nb5 $142 Qb8 41. Qc5+ Kxd7 42. Rd1+ Ke6 43. Qd5+ Kf5 44. Nd6+ Qxd6 45. Rf1+ Kg6 46. Qxd6) 40... Ke6 41. Qc6+ {[%emt 0:30:06] Weighted Error Value: White=0.08 (flawless) /Black=0.50} 1-0

[Event "26th Womens ECCC 2022"]
[Site "Mayrhofen"]
[Date "2022.10.07"]
[Round "5.21"]
[White "Buksa, Nataliya"]
[Black "Ptacnikova, Lenka"]
[Result "1-0"]
[ECO "B22"]
[WhiteElo "2413"]
[BlackElo "2055"]
[Annotator "TA"]
[PlyCount "70"]
[EventDate "2022.10.03"]
[EventType "team-tourn"]
[EventCountry "AUT"]
[SourceTitle "playchess.com"]
[Source "ChessBase"]
[SourceQuality "1"]
[TimeControl "40/5400+30:1800+30"]

1. e4 c5 2. c3 Nf6 3. e5 Nd5 4. Bc4 Nb6 5. Bb3 d5 6. exd6 {[%emt 0:00:05] B22: Sicilian: 2 c3.} Qxd6 7. Na3 {[%emt 0:00:04] The modern move.} a6 8. Ne2 {[%emt 0:00:55] The position is equal.} Nc6 9. O-O e6 10. d4 cxd4 11. cxd4 Be7 12. Bf4 {[%emt 0:00:29] [#]} Qd7 $146 ({Predecessor:} 12... Qd8 13. Rc1 O-O 14. Nc4 Nxc4 15. Bxc4 Nb4 16. Nc3 b5 17. Bb3 Bb7 18. Be5 Rc8 {1-0 (47) Shevchenko,K (2592)-Albornoz Cabrera,C (2573) Chess.com INT 2020}) 13. Qd3 Nd5 14. Bg3 (14. Bxd5 {deserves consideration.} exd5 15. Nc2) 14... b5 15. Nc2 Na5 16. Bxd5 exd5 17. Ne3 (17. Nf4 $5 ) 17... Nc4 18. b3 (18. Nf4 $5 ) 18... Nxe3 19. Qxe3 O-O 20. Rac1 Bd8 {[%emt 0:08:30] Against Rc7} 21. Nf4 Re8 22. Qf3 Re4 23. Nd3 {[%emt 0:07:30] [#] Hoping for Nc5.} Qg4 24. Rfe1 $40 {[%emt 0:13:12][%mdl 128] White attacks.} Qxf3 25. gxf3 Rxe1+ 26. Rxe1 Be6 27. Nf4 Ba5 28. Re2 Bf5 (28... Bc3 $11 {keeps the balance.}) 29. Nxd5 $16 {[%emt 0:00:04] [#] And now Ne7+ would win.} Bd3 $2 {[%emt 0:00:10][%mdl 8192] This costs Black the game.} (29... Bd7 $16) 30. Re3 $18 Bb1 31. b4 Bxa2 32. Ne7+ {[%emt 0:00:04] White is clearly winning.} Kh8 33. bxa5 b4 34. Bd6 b3 35. Ba3 h6 {[%emt 0:00:00] Weighted Error Value: White=0.07 (flawless) /Black=0.36} 1-0

[Event "26th Womens ECCC 2022"]
[Site "Mayrhofen"]
[Date "2022.10.07"]
[Round "5.22"]
[White "Johannsdottir, Johanna Bjorg"]
[Black "Gaponenko, Inna"]
[Result "0-1"]
[ECO "B30"]
[WhiteElo "1964"]
[BlackElo "2348"]
[Annotator "TA"]
[PlyCount "68"]
[EventDate "2022.10.03"]
[EventType "team-tourn"]
[EventCountry "AUT"]
[SourceTitle "playchess.com"]
[Source "ChessBase"]
[SourceQuality "1"]
[TimeControl "40/5400+30:1800+30"]

1. e4 c5 2. Nf3 Nc6 3. g3 e5 4. Bg2 g6 5. c3 Bg7 6. Na3 {[%emt 0:00:22] B30: Sicilian: 2...Nc6 3 Bb5, lines without ...g6.} Nge7 7. O-O O-O 8. Qe2 {[%emt 0:05:10] The position is equal.} h6 9. Rd1 d6 {[%emt 0:11:10] [#]} 10. h3 $146 ({Predecessor:} 10. Nc2 Qb6 11. h3 Be6 12. d3 d5 13. Kh2 Rad8 14. b3 dxe4 15. dxe4 Rxd1 16. Qxd1 {1-0 (48) Walbaum,K (2095)-Gerst,M (1987) Germany 2016}) 10... f5 (10... Be6 $5 ) 11. exf5 Nxf5 12. g4 Nh4 13. Nxh4 Qxh4 14. Nb5 Qe7 (14... Qd8 $15) 15. d4 $1 $14 a6 16. Na3 (16. d5 $11 {is more appropriate.} Nb8 17. Na3) 16... exd4 (16... cxd4 $15 17. cxd4 exd4 18. Qxe7 Nxe7) 17. Qxe7 $11 Nxe7 18. cxd4 cxd4 19. Nc4 Be6 20. Nxd6 Bd5 21. Nxb7 Bxg2 22. Kxg2 Rac8 {[%emt 0:03:44] Prevents Nc5.} 23. Nd6 Rc2 24. Rd2 (24. Bd2 $15) 24... Rc6 {[%emt 0:05:19] Black is more active.} ({Black should try} 24... d3 $1 $17 {White must now prevent ...Nd5.} 25. Ne4 Rd8) 25. Ne4 Nd5 26. Rd3 $2 {[%emt 0:06:49][%mdl 8192] [#] This costs White the game.} (26. Kf1 $11 {and White has nothing to worry.}) 26... Rxc1 $1 $19 {[%emt 0:00:43][%mdl 576] Remove Defender} 27. Rxc1 {[%emt 0:00:33] Kf1 is the strong threat.} Nf4+ 28. Kg3 {[%emt 0:00:52] Strongly threatening Rd2.} Nxd3 29. Rc6 Be5+ 30. Kg2 Rf4 31. f3 Ne1+ 32. Kh1 (32. Kf1 $142 Nxf3 33. Nc5) 32... Rxf3 {[%emt 0:03:51][%cal Rf3f1] [#]} 33. Rxg6+ Kf7 34. Rxh6 Rf1# {[%emt 0:00:04] Weighted Error Value: White=0.68/Black=0.12 (very precise)} 0-1

[Event "26th Womens ECCC 2022"]
[Site "Mayrhofen"]
[Date "2022.10.07"]
[Round "5.23"]
[White "Doluhanova, Evgeniya"]
[Black "Thorsteinsdottir, Hallgerdur"]
[Result "1-0"]
[ECO "B10"]
[WhiteElo "2264"]
[BlackElo "1959"]
[Annotator "TA"]
[PlyCount "33"]
[EventDate "2022.10.03"]
[EventType "team-tourn"]
[EventCountry "AUT"]
[SourceTitle "playchess.com"]
[Source "ChessBase"]
[SourceQuality "1"]
[TimeControl "40/5400+30:1800+30"]

1. e4 c6 2. d3 d5 3. Nc3 e5 4. exd5 cxd5 5. Qe2 Nc6 {[%emt 0:03:59] [#]} 6. f4 $146 {[%emt 0:03:46] B11: Caro-Kann: Two Knights Variation.} ({Predecessor:} 6. Nf3 Bg4 7. h3 Bxf3 8. Qxf3 Nd4 9. Qd1 Rc8 10. Bd2 Nf6 11. Rc1 h6 12. Ne2 {0-1 (30) Szilagyi,G (1899)-Szabo,Z (2169) Hungary 2008}) 6... f6 ({Much weaker is} 6... d4 $6 7. Ne4 $11) 7. fxe5 fxe5 8. Bf4 (8. Nf3 $142) 8... Qd6 $2 {[%emt 0:08:14] [#]} (8... Bd6 $17 {and life is bright. Strongly threatening ...Nd4.} 9. Nf3 Bg4) 9. Nf3 $16 {[%emt 0:03:39][%cal Bg1f3,Bf3e5,Be5c4,Bc4d6][%mdl 32] Against Nd4} d4 ({Black should try} 9... Nge7 10. Nxe5 Nd4) 10. Nxe5 Nce7 {[%emt 0:07:24][%mdl 8192] Black cannot hold the game after this.} (10... dxc3 $16 11. Nxc6+ Qe6) 11. Ne4 $18 {[%emt 0:00:48][%cal Bc3e4,Be4d6,Bd6b7][%mdl 32] White is clearly winning.} Qd8 12. Nc4 Qd5 (12... Ng6 $142 13. Ned6+ Kd7 14. Qg4+ Kc6 15. Qf3+ Kd7 16. Qg4+ Kc6 17. Qf3+ Kd7 18. Nxb7 Qe7+ 19. Kd1 Nxf4) 13. g3 {[%emt 0:01:14] [#] Black must now prevent Ned6+.} Nf6 14. Ned6+ Kd8 15. Bg2 Qe6 16. Nxb7+ Ke8 17. Ncd6+ {[%emt 0:00:15] Weighted Error Value: White=0.24 (precise) /Black=1.30} 1-0

[Event "26th Womens ECCC 2022"]
[Site "Mayrhofen"]
[Date "2022.10.07"]
[Round "5.24"]
[White "Thorsteinsdottir, Gudlaug"]
[Black "Tarleva, Diana"]
[Result "0-1"]
[ECO "A61"]
[WhiteElo "2014"]
[BlackElo "2175"]
[Annotator "TA"]
[PlyCount "70"]
[EventDate "2022.10.03"]
[EventType "team-tourn"]
[EventCountry "AUT"]
[SourceTitle "playchess.com"]
[Source "ChessBase"]
[SourceQuality "1"]
[TimeControl "40/5400+30:1800+30"]

1. d4 Nf6 2. Nf3 c5 3. d5 e6 4. c4 exd5 5. cxd5 d6 6. Nc3 g6 7. e4 Bg7 8. h3 O-O 9. Bd3 Re8 10. O-O a6 11. a4 Nbd7 12. Re1 Ne5 {[%emt 0:03:48] A70: Modern Benoni: 6 e4 g6 7 Nf3.} 13. Nxe5 Rxe5 14. Bf4 Re8 {[%emt 0:04:32] White is slightly better.} 15. Bh2 (15. Qd2 $14) 15... Nd7 $11 16. Kh1 {[%emt 0:05:44] [#]} g5 $146 ({Predecessor:} 16... Ne5 17. f4 Nxd3 18. Qxd3 Qb6 19. Qd2 Bd7 20. a5 Qd8 21. e5 Bf5 22. Na4 Qh4 23. exd6 {1-0 (46) Lin,W (2371)-Chu,W (2422) Liaocheng 2021}) 17. Qc2 (17. Bxd6 $14 c4 18. Be2 (18. Bxc4 Nb6 $15)) 17... Ne5 18. Ne2 (18. f3 $11) 18... g4 $1 $15 19. Nf4 Qh4 ({Much weaker is} 19... Nxd3 $6 20. Qxd3 Bxb2 21. Rab1 $11) (19... gxh3 $1 $17 20. Nxh3 Qh4) 20. Bg3 {[%emt 0:01:36] [#]} Qh6 21. h4 {[%emt 0:02:30] [#]} (21. Bf1 $15) 21... Bf6 $1 $17 22. Re3 $2 (22. Be2 $17) 22... Bg5 $19 ({Not} 22... Bxh4 23. Bxh4 Qxh4+ 24. Kg1 $17) 23. Ne2 Bxe3 24. fxe3 Qxe3 25. Rd1 Nxd3 26. Rxd3 Qxe4 27. Nc3 Qg6 28. Qd2 Bd7 29. Ne2 $2 (29. a5) 29... Bxa4 {[%emt 0:01:10] Black is clearly winning.} 30. Nf4 Qf5 31. Qc3 Re4 32. Qd2 Rae8 {[%emt 0:00:32] Hoping for ...Bb5.} 33. Kh2 Bb5 34. Rc3 Rd4 35. Qc1 Ree4 {[%emt 0:00:22] White did not feel at home in the position after the opening.  Weighted Error Value: White=0.70/Black=0.12 (very precise)} 0-1